 Dungeon Sprint DCSS version 0.21.1-1-g345015fe64 (webtiles) character file.

42 Groucho the Ducker (level 3, 0/18 HPs)
             Began as a Felid Transmuter on Apr 15, 2018.
             Slain by a hippogriff (6 damage)
             ... in the Dungeon (Sprint IX: "|||||||||||||||||||||||||||||").
             The game lasted 00:00:50 (432 turns).

Groucho the Ducker (Felid Transmuter)                Turns: 432, Time: 00:00:51

Health: 0/18       AC:  1    Str:  7    XL:     3   Next: 33%
Magic:  9/9        EV: 21    Int: 14    God:
Gold:   0          SH:  0    Dex: 16    Spells: 9/10 levels left
                                        Lives:  0   Deaths: 1

rFire    . . .     SeeInvis +     - Unarmed
rCold    . . .     Gourm    .   (shield unavailable)
rNeg     . . .     Faith    .   (armour unavailable)
rPois    .         Spirit   .   (helmet unavailable)
rElec    .         Reflect  .   (cloak unavailable)
rCorr    .         Harm     .   (gloves unavailable)
MR       .....     NoTele   +   (boots unavailable)
Stlth    ++........             (no amulet)
HPRegen  0.06/turn              (no ring)
MPRegen  0.11/turn              (no ring)

@: quick
A: very small, no armour, no weapons or thrown items, stealth, claws 1, fangs 3,
see invisible, carnivore, speed 1, shaggy fur 1, slow metabolism 1, sharp paws
a: no special abilities


You were in the Dungeon.
You were not hungry.

You visited 1 branch

Inventory:

Missiles
 a - 12 arrows
Jewellery
 m - an uncursed ring of fire
Scrolls
 i - 7 scrolls of blinking
 n - 3 scrolls of identify
Potions
 d - a potion of curing
 e - 3 potions of heal wounds
 f - a potion of haste
 g - 2 potions of magic
 h - a potion of agility
 j - a potion of might
 k - a potion of brilliance
 l - a potion of experience
 o - a potion of mutation
Books
 b - a book of Changes

   Spells                             Type                      Level
   a - Beastly Appendage              Transmutation                1
   b - Sticks to Snakes               Transmutation                2
   c - Spider Form                    Transmutation/Poison         3
   d - Ice Form                       Ice/Transmutation            4
   e - Blade Hands                    Transmutation                5
Comestibles
 c - a ration


   Skills:
 + Level 3.8 Fighting
 + Level 5.6 Dodging
 + Level 4.8 Unarmed Combat
 + Level 4.0 Spellcasting
 + Level 4.7 Transmutations


You had 9 spell levels left.
You knew the following spells:

 Your Spells              Type           Power        Failure   Level  Hunger
a - Beastly Appendage     Tmut           ###...       2%          1    None


Dungeon Overview and Level Annotations

Branches:
Dungeon (1/1)

Altars:


Innate Abilities, Weirdness & Mutations

You cannot wear armour.
You are incapable of wielding weapons or throwing items.
Your paws allow you to move quietly. (Stealth)
You have sharp claws.
You have razor-sharp teeth.
You have supernaturally acute eyesight. (SInv)
You are carnivorous and can eat meat at any time.
You cover ground quickly.
You are covered in fur. (AC +1)
You have a slow metabolism.
Your sharp claws are effective at attacking unaware monsters.


Message History

The hippogriff is lightly wounded.
The hippogriff closely misses you. The hippogriff misses you.
The hippogriff claws you.
You scratch the hippogriff.
The hippogriff is lightly wounded.
The hippogriff misses you. x3
Unknown command.
Unknown command.
You barely miss the hippogriff.
The hippogriff is lightly wounded.
The hippogriff completely misses you. x2; The hippogriff misses you.
You claw the hippogriff!
The hippogriff is moderately wounded.
The hippogriff bites you. The hippogriff completely misses you.
The hippogriff closely misses you.
You claw the hippogriff! You bite the hippogriff.
The hippogriff is heavily wounded.
The hippogriff completely misses you. The hippogriff barely misses you.
The hippogriff claws you.
You die...

▓▓▓▓▓▓▓▓▓▓▓▓
)....†)o5..+
▓▓▓▓▓▓▓▓▓▓▓▓
▓▓▓▓▓▓▓▓▓▓▓▓▓▓▓▓▓▓▓▓▓▓
+.......[.....@HtYtFlt
▓▓▓▓▓▓▓▓▓▓▓▓▓▓▓▓▓▓▓▓▓▓


You could see a komodo dragon, a hippogriff, a yak, a spiny frog and 3
crocodiles.

Vanquished Creatures
  An ogre (D)
  An adder zombie (D)
  A leopard gecko (D)
  A goblin (D)
  2 hobgoblins (D)
  A kobold (D)
  A rat (D)
8 creatures vanquished.

Notes
Turn   | Place    | Note
-------+----------+-------------------------------------------
     0 | D        | Groucho the Felid Transmuter began the quest for the Orb.
     0 | D        | Reached XP level 1. HP: 9/9 MP: 4/4
     6 | D        | Reached skill level 3 in Dodging
   371 | D        | Noticed an ogre
   371 | D        | Noticed an orc priest
   377 | D        | Reached XP level 2. HP: 13/13 MP: 4/6
   380 | D        | Killed an ogre
   380 | D        | Reached skill level 5 in Dodging
   380 | D        | Reached XP level 3. HP: 7/18 MP: 4/9
   380 | D        | Reached XP level 4. HP: 8/22 MP: 4/11
   380 | D        | Killed from afar by an orc priest
   381 | D        | Reached XP level 3. HP: -7/27 MP: 4/9
   426 | D        | Noticed a hippogriff
   426 | D        | Noticed a crocodile
   426 | D        | Noticed a yak
   426 | D        | Noticed a crocodile
   426 | D        | Noticed a spiny frog
   426 | D        | Noticed a komodo dragon
   427 | D        | Noticed a crocodile
   432 | D        | Slain by a hippogriff

Skill      XL: |  1  2 |
---------------+-------+-----
Dodging        | 3 5 |  5.6
Fighting       | 2 3 |  3.8
Transmutations | 3 4 |  4.7
Unarmed Combat | 4 |  4.8
Spellcasting   | 4 |  4.0

Action                   |  1- 3 |  4- 6 || total
-------------------------+-------+-------++-------
Melee: Unarmed           |    24 |       ||    24
       Headbutt          |     3 |       ||     3
       Bite              |     2 |       ||     2
 Cast: Beastly Appendage |     1 |       ||     1
  Use: Potion            |     1 |       ||     1
 Stab: Sleeping          |     1 |       ||     1
  Eat: Chunk             |     2 |       ||     2
Armor: Skin              |     2 |       ||     2
Dodge: Dodged            |    20 |       ||    20
